 Dungeon Crawl Stone Soup version 0.31.0-11-ge490571c62 (webtiles) character file.

Game seed: 1491893832968038824

579 qw the Shooter (level 7, 0/36 HPs)
             Began as a Spriggan Hunter on Feb 4, 2024.
             Killed by divine providence
             ... invoked by an orc priest
              (12 damage)
             ... on level 5 of the Dungeon.
             The game lasted 00:00:14 (3492 turns).

qw the Shooter (Spriggan Hunter)                    Turns: 3492, Time: 00:00:15

Health: 0/36       AC:  2    Str:  7    XL:     7   Next: 13%
Magic:  8/8        EV: 21    Int: 11    God:
Gold:   164        SH:  0    Dex: 20    Spells: 6/6 levels left

rFire   . . .        a - +1 shortbow
rCold   . . .        (shield currently unavailable)
rNeg    . . .        c - +0 robe
rPois   .            (helmet restricted)
rElec   .            (no cloak)
rCorr   .            (gloves unavailable)
SInv    +            (boots unavailable)
Will    +....        (no amulet)
Stlth   ++           (no ring)
HPRegen 0.26/turn    (no ring)
MPRegen 0.11/turn

%: no passive effects
@: very quick
A: very small, no large weapons, unfitting armour, see invisible, speed 3
a: no special abilities


You were on level 5 of the Dungeon.
You visited 1 branch of the dungeon, and saw 5 of its levels.

You collected 164 gold pieces.


Innate Abilities, Weirdness & Mutations

You are very small and have problems with some larger weapons.
You are too small for most types of armour.
You have supernaturally acute eyesight. (SInv)
You cover ground extremely quickly. (Speed+++)


   Skills:
 - Level 3.0 Fighting
 + Level 6.6 Ranged Weapons
 - Level 6.3 Dodging
 - Level 1.5 Stealth


You had 6 spell levels left.
You didn't know any spells.
Your spell library was empty.

Inventory:

Hand Weapons
 a - a +1 shortbow (weapon)
Armour
 c - a +0 robe (worn)
Wands
 b - a wand of quicksilver (7)
 j - a wand of flame (12)
Scrolls
 e - a scroll of immolation {unknown}
Potions
 d - a potion of curing {unknown}
 f - a potion of magic {unknown}
 g - a potion of enlightenment

Dungeon Overview and Level Annotations

Branches:
Dungeon (5/15)
 Temple: D:4-7

Altars:
Xom


Message History

HP restored.
Found a short sword.
Found 3 stones.
You now have 164 gold pieces (gained 10).
e - a scroll labelled POERHU TUKLONUHAR You see here 3 stones.
An orc comes into view. It is wielding a +0 whip.
You shoot an arrow.
The arrow hits the orc but does no damage.
The orc shouts!
An orc comes into view. It is wielding a +0 dagger.
A shadow imp comes into view.
An orc comes into view. It is wielding a +0 club.
You shoot an arrow. The shadow imp shouts!
The orc shouts!
The arrow hits the orc!
You kill the orc!
An orc wizard comes into view. It is wielding a +0 dagger.
You shoot an arrow. The orc wizard shouts!
The arrow hits the shadow imp!
The shadow imp is severely wounded.
An orc priest comes into view. It is wielding a +0 club.
You shoot an arrow. The arrow hits the shadow imp!
You kill the shadow imp!
You shoot an arrow. The arrow hits the orc wizard.
The orc wizard is moderately wounded.
You shoot an arrow. The arrow hits the orc wizard!
The orc wizard is severely wounded.
The orc wizard casts a spell at you. The magic dart hits you.
The orc priest calls down the wrath of Beogh upon you.
Beogh smites you!
You shoot an arrow. The arrow closely misses the orc.
The arrow hits the orc priest but does no damage.
The orc wizard casts a spell at you. The puff of flame hits you!
The orc priest mumbles some strange prayers to Beogh against you.
Beogh smites you!
You die...

. .. .. . .. . #o
.#
..##..########.###
.).o..o@..........
..................
...................
#..########..######
#..###..###..######
#..................
#..................
+..................
#.........(........


You could see an orc priest, an orc wizard and an orc.

Vanquished Creatures
  2 black bears
  An ogre (D:4)
  2 hounds
  An iguana (D:4)
  Terence (D:3)
  6 adders
  3 gnolls
  A shadow imp (D:5)
  2 ribbon worms
  5 dart slugs
  6 orcs
  2 endoplasms (D:3)
  3 giant cockroaches
  7 goblins
  17 hobgoblins
  3 jackals (D:2)
  3 quokkas
  8 ball pythons
  8 bats
  3 frilled lizards
  4 kobolds
  8 rats
96 creatures vanquished.

Notes
Turn   | Place    | Note
-------+----------+-------------------------------------------
     0 | D:1      | qw the Spriggan Hunter began the quest for the Orb.
     0 | D:1      | Reached XP level 1. HP: 10/10 MP: 2/2
     0 | D:1      | 0 ||| qw: Version: 0.3-a-160-g6735b56
     0 | D:1      | 0 ||| qw: Game counter: 4740
     0 | D:1      | 0 ||| qw: Melee chars always use a shield: true
     0 | D:1      | 0 ||| qw: God list: Okawaru
     0 | D:1      | 0 ||| qw: Allow faded altars: false
     0 | D:1      | 0 ||| qw: Do Orc after clearing Dungeon:15 true
     0 | D:1      | 0 ||| qw: Do second Lair branch before Depths: true
     0 | D:1      | 0 ||| qw: Lair rune preference: random
     0 | D:1      | 0 ||| qw: Goals: Normal
     0 | D:1      | 0 ||| PLANNING D:1-11
    26 | D:1      | Reached skill level 3 in Dodging
   114 | D:1      | Reached XP level 2. HP: 14/14 MP: 3/3
   590 | D:1      | 590 ||| DROPPING scroll of butterflies.
   660 | D:2      | Reached XP level 3. HP: 18/18 MP: 4/4
   763 | D:2      | Reached XP level 4. HP: 22/22 MP: 5/5
   925 | D:2      | Found a faded altar of an unknown god.
  1380 | D:2      | 1380 ||| READING 2 scrolls labelled ORINEPLEXAM.
  1380 | D:2      | 1380 ||| IDENTIFYING sapphire potion
  1381 | D:2      | 1381 ||| READING scroll of identify.
  1381 | D:2      | 1381 ||| IDENTIFYING sedimented black potion
  1382 | D:2      | 1382 ||| READING scroll labelled LOSCHA TENAFY.
  1383 | D:2      | 1383 ||| READING scroll labelled ESESKO PIXKUT.
  1383 | D:2      | 1383 ||| ENCHANTING +0 shortbow.
  1384 | D:2      | 1384 ||| READING scroll labelled ODIZIPREMO.
  1385 | D:2      | 1385 ||| DROPPING potion of brilliance.
  1430 | D:3      | Identified the +0 scale mail of Pan-Flutes {Will+++ rCorr
                  | Int-5 SInv}
  1609 | D:3      | Noticed a black bear
  1610 | D:3      | 1610 ||| ZAPPING wand of quicksilver (10) at -5,-2 (black
                  | bear; floor).
  1612 | D:3      | 1612 ||| ZAPPING wand of quicksilver (9) at -3,-1 (black
                  | bear; floor).
  1612 | D:3      | Killed a black bear
  1613 | D:3      | Reached skill level 3 in Fighting
  1613 | D:3      | Reached XP level 5. HP: 28/28 MP: 6/6
  1758 | D:3      | Noticed Terence
  1765 | D:3      | Killed Terence
  1793 | D:3      | Found a shimmering altar of Xom.
  1821 | D:3      | 1821 ||| READING scroll of identify.
  1821 | D:3      | 1821 ||| IDENTIFYING smoky inky potion
  1822 | D:3      | 1822 ||| READING scroll labelled JAPNIY FEIMA.
  1923 | D:3      | 1923 ||| READING scroll labelled KIUVEOPL BADWEHAUN.
  1927 | D:3      | 1927 ||| READING scroll labelled CUMESHROBLA.
  1928 | D:3      | 1928 ||| DRINKING 2 bubbling brown potions.
  1929 | D:3      | 1929 ||| DROPPING potion of attraction.
  1938 | D:4      | 1938 ||| STAIRDANCE
  1945 | D:4      | 1945 ||| STAIRDANCE
  1949 | D:3      | HP: 5/28 [frozen (4)]
  1950 | D:3      | 1950 ||| DRINKING 2 potions of heal wounds.
  1994 | D:4      | 1994 ||| STAIRDANCE
  1996 | D:3      | HP: 7/28 [hound (3)]
  1997 | D:3      | 1997 ||| DRINKING potion of heal wounds.
  2008 | D:3      | HP: 5/28 [goblin/+0 dagger (3)]
  2010 | D:3      | Reached XP level 6. HP: 7/32 MP: 7/7
  2125 | D:4      | 2125 ||| STAIRDANCE
  2152 | D:4      | 2152 ||| STAIRDANCE
  2340 | D:4      | HP: 7/32 [iguana (11)]
  2341 | D:4      | 2341 ||| READING scroll of teleportation.
  2342 | D:4      | 2342 ||| DRINKING potion of heal wounds.
  2488 | D:4      | 2488 ||| ZAPPING wand of quicksilver (8) at -2,-2 (black
                  | bear; floor).
  2489 | D:4      | Reached skill level 6 in Ranged Weapons
  2714 | D:4      | 2714 ||| FLEEEEING.
  2715 | D:4      | 2715 ||| FLEEEEING.
  2716 | D:4      | 2716 ||| FLEEEEING.
  2717 | D:4      | 2717 ||| FLEEEEING.
  2738 | D:4      | 2738 ||| FLEEEEING.
  2740 | D:4      | 2740 ||| FLEEEEING.
  2742 | D:4      | 2742 ||| FLEEEEING.
  2744 | D:4      | 2744 ||| FLEEEEING.
  2745 | D:4      | 2745 ||| FLEEEEING.
  3169 | D:4      | Reached skill level 6 in Dodging
  3169 | D:4      | Reached XP level 7. HP: 36/36 MP: 8/8
  3418 | D:4      | 3418 ||| READING scroll labelled BUINYQ RAETIBU.
  3418 | D:4      | 3418 ||| ENCHANTING +1 shortbow.
  3419 | D:4      | 3419 ||| READING scroll labelled OGAP VOAGRIJA.
  3438 | D:5      | Entered Level 5 of the Dungeon
  3440 | D:5      | 3440 ||| STAIRDANCE
  3492 | D:5      | Killed from afar by an orc priest

Levels and vault maps discovered:
D:1:      erik_arrival_cave_to_civilisation [erik_arrival_cave_to_hall],
          layout_rooms, minivault_5, serial_park_tiny_1
D:2:      layout_basic, ebering_ecumenical_altar_abandoned, st_stairs_7,
          nrook_loot_triangle
D:3:      layout_rooms, mainiacjoe_overflow_small_starburst, uniq_terence
D:4:      layout_layer_cave
D:5:      layout_gridville, minmay_temple_entry_drinking_statues

Skill      XL: |  1  2  3  4  5  6 |
---------------+-------------------+-----
Dodging        | 3 4 5 6 |  6.3
Ranged Weapons | 5 6 |  6.6
Fighting       | 3 |  3.0
Stealth        | |  1.5

Action                     |  1- 3 |  4- 6 |  7- 9 || total
---------------------------+-------+-------+-------++-------
   Fire: Shortbow          |   104 |   173 |    20 ||   297
  Evoke: Wand              |       |     3 |       ||     3
    Use: Scroll            |       |    10 |     2 ||    12
         Potion            |       |     4 |       ||     4
 Armour: Robe              |     6 |    44 |     3 ||    53
  Dodge: Dodged            |    23 |   103 |    16 ||   142

Table legend:
 A = Non-vault XP
 B = Vault XP
 C = Vault XP percentage of total XP
 D = Non-vault monster count
 E = Vault monster count
 F = Vault count percentage of total count
                 A         B        C        D         E       F
            +---------+---------+-------+---------+---------+-------
      Total |     786 |      42 |   5.1 |      92 |       4 |   4.2
            +---------+---------+-------+---------+---------+-------
        D:1 |      34 |       4 |  10.5 |      25 |       2 |   7.4
        D:2 |      97 |       2 |   2.0 |      28 |       1 |   3.4
        D:3 |     234 |      36 |  13.3 |      14 |       1 |   6.7
        D:4 |     367 |       0 |   0.0 |      22 |       0 |   0.0
        D:5 |      54 |       0 |   0.0 |       3 |       0 |   0.0
            +---------+---------+-------+---------+---------+-------
